 Dungeon Crawl Stone Soup version 0.27-a0-789-g6bb3289e1e (webtiles) character file.

Game seed: 12705861812220189346

66 Hasart the Magician (level 3, -1/24 HPs)
             Began as a Mummy Venom Mage on Mar 26, 2021.
             Killed from afar by a steam dragon (25 damage)
             ... with a ball of steam
             ... on level 2 of the Dungeon.
             The game lasted 00:08:50 (1700 turns).

Hasart the Magician (Mummy Venom Mage)              Turns: 1700, Time: 00:08:50

Health: -1/24      AC:  2    Str: 11    XL:     3   Next: 96%
Magic:  7/7        EV: 12    Int: 15    God:
Gold:   94         SH:  0    Dex: 12    Spells: 5/8 levels left

rFire    x . .     SeeInvis .   c - +2 short sword (drain)
rCold    + . .     Faith    .   (no shield)
rNeg     + + +     Spirit   .   a - +0 robe
rPois    ∞         Reflect  .   (no helmet)
rElec    .         Harm     .   (no cloak)
rCorr    .         Rampage  .   (no gloves)
Will     .....                  (no boots)
Stlth    ++........             (no amulet)
HPRegen  0.08/turn              (no ring)
MPRegen  0.10/turn              (no ring)

@: no status effects
A: cold resistance 1, negative energy resistance 3, torment resistance 2,
unbreathing 1, heat vulnerability 1, no potions
a: no special abilities


You were on level 2 of the Dungeon.
You visited 1 branch of the dungeon, and saw 2 of its levels.

You collected 94 gold pieces.

Inventory:

Hand Weapons
 c - a +2 short sword of draining (weapon)
Armour
 a - a +0 robe (worn)
Scrolls
 b - a scroll of enchant weapon {unknown}
 d - a scroll of identify {unknown}
 e - a scroll of teleportation {unknown}
 f - a scroll of brand weapon {unknown}
 g - a scroll of noise {unknown}


   Skills:
 + Level 2.0 Dodging
 - Level 1.5 Stealth
 + Level 3.3 Spellcasting
 + Level 1.4 Transmutations
 + Level 0.3 Air Magic
 * Level 3.1 Poison Magic


You had 5 spell levels left.
You knew the following spells:

 Your Spells              Type           Power      Damage    Failure   Level
a - Sting                 Tmut/Pois      36%        1d4       8%          1
b - Poisonous Vapours     Pois/Air       14%        N/A       14%         2

Your spell library contained the following spells:

 Spells                   Type           Power      Damage    Failure   Level
 Ignite Poison            Fire/Tmut/Pois 7%         N/A       30%         3
 Mephitic Cloud           Conj/Pois/Air  6%         N/A       34%         3
 Olgreb's Toxic Radiance  Pois           12%        N/A       45%         4


Dungeon Overview and Level Annotations

Branches:
Dungeon (2/15)

Altars:


Innate Abilities, Weirdness & Mutations

You are immune to poison.
Your flesh is cold resistant. (rC+)
You are immune to negative energy. (rN+++)
You are immune to unholy pain and torment.
You can survive without breathing.
You are vulnerable to heat. (rF-)
You do not drink.


Message History

Casting: Sting (safe; 8% risk of failure)
Confirm with . or Enter, or press ? or * to list all spells.
Aiming: Sting (safe; 8% risk of failure)
Press: ? - help, Shift-Dir - straight line, f/p - adder
Aim: an adder (lightly wounded, poisoned, 52% to evade)
The sting hits the adder.
The adder looks even sicker.
The adder is moderately wounded.
The adder bites you but does no damage.
Casting: Sting (safe; 8% risk of failure)
Confirm with . or Enter, or press ? or * to list all spells.
Aiming: Sting (safe; 8% risk of failure)
Press: ? - help, Shift-Dir - straight line, f/p - adder
Aim: an adder (heavily wounded, very poisoned, 52% to evade)
The sting hits the adder.
The adder looks even sicker.
The adder is severely wounded.
You kill the adder!
Unknown command.
You see here an adder corpse.
Found 14 stones.
Found a flail.
A ball python comes into view.
A ball python is nearby!
Casting: Sting (safe; 8% risk of failure)
Confirm with . or Enter, or press ? or * to list all spells.
Aiming: Sting (safe; 8% risk of failure)
Press: ? - help, Shift-Dir - straight line, f - ball python
Aim: a ball python (asleep, 0% to evade)
The sting hits the ball python.
The ball python is poisoned.
The ball python is heavily wounded.
The ball python hisses angrily.
You kill the ball python!
Found a robe.
A steam dragon comes into view.
A steam dragon is nearby!
The steam dragon hisses angrily.
Found a stone staircase leading down.
The steam dragon breathes steam at you. The ball of steam hits you!!
The steam scalds you terribly!
Ouch! That really hurt!
You die...

..## ### ...## #...
.... #.#.###... #.#
..... #.# #.#># #.#
#.#.###.#
..#####.###.@§§.D.#
..............###.#
# ##.######.#######
..#. ##.## ..#.#
##...#
.....####.###†#
#.#.#.##.## #.#
.........# [..
..#.#.##.# ###


There were no monsters in sight!

Vanquished Creatures
  A gnoll (D:1)
  An adder (D:2)
  A dart slug (D:1)
  3 endoplasms
  2 giant cockroaches (D:1)
  3 goblins
  3 hobgoblins
  3 jackals (D:1)
  3 quokkas
  5 ball pythons
  5 bats
  3 frilled lizards (D:1)
  7 kobolds
  4 rats (D:1)
  A toadstool (D:1)
45 creatures vanquished.

Vanquished Creatures (others)
  3 toadstools (D:1)
3 creatures vanquished.

Grand Total: 48 creatures vanquished

Notes
Turn   | Place    | Note
-------+----------+-------------------------------------------
     0 | D:1      | Hasart the Mummy Venom Mage began the quest for the Orb.
     0 | D:1      | Reached XP level 1. HP: 13/13 MP: 4/4
   212 | D:1      | Reached skill level 1 in Transmutations
   368 | D:1      | Reached XP level 2. HP: 12/19 MP: 1/6
   376 | D:1      | Learned a level 2 spell: Poisonous Vapours
   744 | D:1      | Reached XP level 3. HP: 24/24 MP: 4/7
  1698 | D:2      | Noticed a steam dragon
  1700 | D:2      | Killed from afar by a steam dragon

Illustrated notes

Levels and vault maps discovered:
D:1:      ldierk_water_garden, layout_basic, chequers_jeans, minmay_3d_cube
D:2:      layout_loops_ring, minmay_hexomino_f4

Skill      XL: |  1  2  3 |
---------------+----------+-----
Transmutations | 1 |  1.4
Spellcasting   | 3 |  3.3
Poison Magic   | 3 |  3.1
Dodging        | 2 |  2.0
Stealth        | |  1.5
Air Magic      | |  0.3

Action                   || total
-------------------------++-------
Melee: Unarmed           ||     3
       Dagger            ||     1
       Short sword       ||    17
 Cast: Sting             ||    76
Armor: Robe              ||    17
Dodge: Dodged            ||    31

Table legend: (Time is in decaauts)
 A = Elapsed time spent in this place.
 B = Non-inter-level travel time spent in this place.
 C = Inter-level travel time spent in this place.
 D = Time resting spent in this place.
 E = Time spent auto-exploring this place.
 F = Levels seen in this place.
 G = Mean time per level.
                   A        B        C        D        E       F      G
               +--------+--------+--------+--------+--------+-----+--------+
         Total |   1700 |   1678 |     22 |      0 |   1350 |   2 |  850.0 |
       Dungeon |   1700 |   1678 |     22 |      0 |   1350 |   2 |  850.0 |
               +--------+--------+--------+--------+--------+-----+--------+

Top non-repeatable levels by time:
     D:1: 1221 daAuts
     D:2: 478 daAuts
